 Dungeon Crawl Stone Soup version 0.29.1-1-gd02db69 (webtiles) character file.

Game seed: 2418443298248267095

539 Ayyar the Shield-Bearer (level 7, -18/55 HPs)
             Began as a Formicid Fighter on May 3, 2023.
             Was a Priest of Nemelex Xobeh.
             Demolished by an ogre
             ... wielding a +0 giant club
              (21 damage)
             ... on level 4 of the Dungeon.
             The game lasted 00:13:58 (4004 turns).

Ayyar the Shield-Bearer (Formicid Fighter)          Turns: 4004, Time: 00:13:59

Health: -18/55     AC: 10    Str: 23    XL:     7   Next: 51%
Magic:  7/7        EV:  9    Int:  7    God:    Nemelex Xobeh [***...]
Gold:   312        SH:  5    Dex: 13    Spells: 6/6 levels left

rFire   . . .      SeeInvis +   a - +0 trident
rCold   . . .      Faith    .   c - +0 buckler
rNeg    . . .      Spirit   .   b - +0 scale mail
rPois   .          Reflect  .   (helmet unavailable)
rElec   .          Harm     .   (no cloak)
rCorr   .          Rampage  .   e - +2 pair of gloves
Will    .....                   (no boots)
Stlth   +.........              (no amulet)
HPRegen 0.18/turn               (no ring)
MPRegen 0.10/turn               (no ring)

@: no status effects
A: permanent stasis, dig shafts and tunnels, antennae 3, four strong arms
a: Dig, Shaft Self, Renounce Religion, Draw Escape, Draw Destruction, Draw
Summoning, Triple Draw


You were on level 4 of the Dungeon.
You worshipped Nemelex Xobeh.
Nemelex Xobeh was most pleased with you.
You visited 1 branch of the dungeon, and saw 5 of its levels.

You collected 312 gold pieces.

Inventory:

Hand Weapons
 a - a +0 trident (weapon)
 d - a +0 halberd of protection
Missiles
 g - 3 curare-tipped darts
 j - 2 datura-tipped darts
 w - 2 poisoned darts (quivered)
Armour
 b - a +0 scale mail (worn)
 c - a +0 buckler (worn)
 e - a +2 pair of gloves (worn)
Jewellery
 q - a ring of ice
 v - a +6 ring of intelligence
Scrolls
 f - 12 scrolls of identify {unknown}
 h - a scroll of enchant armour {unknown}
 k - 2 scrolls of magic mapping {unknown}
 l - a scroll of blinking {unknown}
 n - 2 scrolls of fear {unknown}
 r - 3 scrolls of teleportation {unknown}
 s - a scroll of noise {unknown}
 t - 2 scrolls of poison {unknown}
Potions
 i - a potion of brilliance
 m - 2 potions of flight {unknown}
 o - a potion of lignification {unknown}
 p - a potion of degeneration {unknown}
 u - a potion of curing {unknown}
 x - a potion of heal wounds


   Skills:
 + Level 4.5 Fighting
 * Level 4.3 Polearms
 + Level 2.3 Throwing
 + Level 4.4 Armour
 + Level 3.3 Stealth
 + Level 5.6 Shields


You had 6 spell levels left.
You didn't know any spells.
Your spell library contained the following spells:

 Spells                   Type           Power      Damage    Failure   Level
 Foxfire                  Conj/Fire      0%         2x1d4     80%         1
 Conjure Flame            Conj/Fire      0%         6-21      99%         3
 Inner Flame              Hex/Fire       0%         N/A       99%         3
 Animate Dead             Necr           0%         N/A       100%        4
 Flame Wave               Conj/Fire      0%         2d4       100%        4
 Summon Ice Beast         Ice/Summ       0%         N/A       100%        4
 Summon Mana Viper        Hex/Summ       0%         N/A       100%        5
 Haunt                    Necr/Summ      0%         N/A       100%        7
 Monstrous Menagerie      Summ           0%         N/A       100%        7
 Infestation              Necr           0%         N/A       100%        8


Dungeon Overview and Level Annotations

Branches:
Dungeon (5/15)
 Temple: D:4-7

Altars:
Elyvilon
Nemelex Xobeh
Sif Muna
Yredelemnul


Innate Abilities, Weirdness & Mutations

You cannot be hasted, slowed, berserked, paralysed or teleported.
You can dig through walls and to a lower floor.
You have a pair of large antennae on your head. (SInv)
Your four strong arms can wield two-handed weapons with a shield.


Message History

You sense a monster nearby.
You start resting.
An ogre comes into view. It is wielding a +0 giant club.
Throw: 3 darts (poison)
Press: ? - help, Q - select action, (/) - cycle Shift-Dir - straight line, f - ogre
Aim: an ogre, wielding a +0 giant club (75% to hit)
You throw a poisoned dart. The poisoned dart hits the ogre.
The ogre is poisoned.
You barely miss the ogre. The ogre hits you with a +0 giant club!
You are too injured to fight recklessly!
You are too injured to fight recklessly!
The ogre hits you with a +0 giant club!
* * * LOW HITPOINT WARNING * * *
You climb upwards.
There is a stone staircase leading down here.
You feel much better.
You puncture the ogre!
The ogre is moderately wounded.
The ogre hits you with a +0 giant club!!
* * * LOW HITPOINT WARNING * * *
You barely miss the ogre.
The ogre is moderately wounded.
The ogre closely misses you.
You hit the ogre.
The ogre is heavily wounded.
The ogre closely misses you.
You completely miss the ogre.
The ogre is heavily wounded.
You hit the ogre.
The ogre is heavily wounded.
The ogre looks more healthy.
The ogre closely misses you.
You hit the ogre.
The ogre is almost dead.
The ogre hits you with a +0 giant club!
* * * LOW HITPOINT WARNING * * *
You closely miss the ogre.
The ogre is almost dead.
The ogre hits you with a +0 giant club!!
You die...
Your body glows slightly and disappears.

..#..........######.# #.##.....#
..#.)#####........#.# #.........
.....# #...##.#...#####........
...#.#####.#.##.......###........
##.........#...........##........
####.####...........#..##........
####.##......##.....#...÷........
...#..#......##O[.....###........
...##.#......##)@÷..### #........
...##........######## #........
...####......# #........ ...#
#......# #........ ...# ########
##....... ...# ##.....# ####
#######


You could see an ogre.

Vanquished Creatures
  2 ogres (D:4)
  A necrophage (D:3)
  A howler monkey (D:5)
  A jelly (D:4)
  A gnoll bouda (D:4)
  6 adders
  7 gnolls
  An ufetubus (D:4)
  3 worms
  A dart slug (D:2)
  2 orcs (D:3)
  6 bats
  3 endoplasms
  4 giant cockroaches
  5 goblins
  5 hobgoblins
  7 jackals
  9 kobolds
  7 quokkas
  4 ball pythons
  4 frilled lizards
  5 rats
85 creatures vanquished.

Notes
Turn   | Place    | Note
-------+----------+-------------------------------------------
     0 | D:1      | Ayyar the Formicid Fighter began the quest for the Orb.
     0 | D:1      | Reached XP level 1. HP: 18/18 MP: 1/1
   216 | D:1      | Reached XP level 2. HP: 22/24 MP: 2/2
   389 | D:1      | Found a faded altar of an unknown god.
   391 | D:1      | Prayed at the altar of an unknown god.
   391 | D:1      | Became a worshipper of Nemelex Xobeh the Trickster
   391 | D:1      | Reached * piety under Nemelex Xobeh
   506 | D:1      | Reached XP level 3. HP: 29/29 MP: 3/3
   875 | D:2      | Reached skill level 1 in Stealth
   882 | D:2      | Reached XP level 4. HP: 35/36 MP: 4/4
   977 | D:2      | Received a gift from Nemelex Xobeh
  1686 | D:3      | Reached ** piety under Nemelex Xobeh
  1712 | D:3      | Reached skill level 1 in Throwing
  1908 | D:3      | Found a white marble altar of Elyvilon.
  2055 | D:3      | Reached XP level 5. HP: 42/42 MP: 5/5
  2405 | D:4      | HP: 1/42 [necrophage (2)]
  2425 | D:3      | Reached skill level 5 in Shields
  2425 | D:3      | Reached XP level 6. HP: 18/48 MP: 6/6
  3167 | D:4      | Noticed an ogre
  3174 | D:4      | Killed an ogre
  3192 | D:4      | Found a shimmering blue altar of Sif Muna.
  3386 | D:4      | Received a gift from Nemelex Xobeh
  3485 | D:4      | Reached *** piety under Nemelex Xobeh
  3626 | D:5      | Entered Level 5 of the Dungeon
  3626 | D:5      | Found a basalt altar of Yredelemnul.
  3628 | D:5      | Noticed an ogre
  3636 | D:4      | Killed an ogre
  3637 | D:4      | Reached XP level 7. HP: 52/55 MP: 7/7
  4004 | D:4      | Demolished by an ogre

Illustrated notes

Levels and vault maps discovered:
D:1:      tarquinn_simple_flora_water_e, layout_loops_cross,
          basic_ecumenical_altar, nicolae_grassy_gnolls
D:2:      layout_basic
D:3:      layout_basic, lemuel_crystal_altar
D:4:      layout_rooms, nicolae_overflow_hidden_temple, minmay_misc_feat_rugged
D:5:      layout_basic, grunt_temple_overflow_open, nrook_mini_backslash

Skill      XL: |  1  2  3  4  5  6 |
---------------+-------------------+-----
Stealth        | 1 2 3 |  3.3
Polearms       | 3 4 |  4.3
Throwing       | 1 2 |  2.3
Fighting       | 4 |  4.5
Shields        | 5 |  5.6
Armour         | 4 |  4.4

Action                   |  1- 3 |  4- 6 |  7- 9 || total
-------------------------+-------+-------+-------++-------
Melee: Trident           |    98 |   166 |    49 ||   313
Throw: Dart              |       |     1 |     3 ||     4
Invok: Draw Destruction  |       |     1 |       ||     1
 Abil: Dig               |     1 |     1 |       ||     2
  Use: Potion            |       |     4 |     1 ||     5
Armor: Scale mail        |    46 |    51 |    17 ||   114
Dodge: Dodged            |    22 |    44 |    19 ||    85
Block: Buckler           |    21 |    31 |    11 ||    63
